Map: Honorgrounds LE

Players

BIGFLLA - Winner!

  • Race: Protoss Protoss
  • League: Silver
  • Spawn Location: 5:00

A.I. 1 (Hard)

  • Race: Zerg Zerg
  • Spawn Location: 1:00

VOD

Have the link to the VOD?

Description

Time

  • Played on: March 21, 2017, 12:04 a.m.
  • Length: 12:14
Show
View Real Time Build Order
Export as new Build Order

BIGFLLA Protoss - Winner!

Build Orders: 1 Gate Expand 

Get SALT Encoding   

  12  0:00  Probe (Chrono Boost)  
  13  0:11  Probe (Chrono Boost)  
  14  0:19  Pylon  
  14  0:23  Probe (Chrono Boost)  
  15  0:37  Probe (Chrono Boost)  
  15  0:39  Gateway  
  16  0:47  Probe (Chrono Boost)  
  17  0:53  Assimilator  
  17  0:58  Probe (Chrono Boost)  
  18  1:08  Probe (Chrono Boost)  
  19  1:19  Probe (Chrono Boost)  
  20  1:28  Nexus  
  20  1:37  Probe (Chrono Boost)  
  21  1:47  Cybernetics Core  
  21  1:48  Probe (Chrono Boost)  
  22  2:03  Pylon  
  22  2:10  Assimilator  
  22  2:13  Zealot  
  23  2:21  Probe (Chrono Boost)  
  24  2:23  Gateway  
  24  2:29  Pylon  
  24  2:40  Mothership Core (Chrono Boost), Stalker  
  28  2:48  Probe (Chrono Boost)  
  29  2:58  Probe (Chrono Boost)  
  29  2:59  Probe (Chrono Boost)  
  29  3:01  Warp Gate  
  31  3:09  Probe (Chrono Boost)  
  31  3:10  Probe (Chrono Boost)  
  31  3:11  Pylon, Sentry  
  35  3:16  Pylon  
  35  3:23  Probe x2 (Chrono Boost)  
  35  3:34  Stalker  
  35  3:36  Stalker  
  39  3:43  Probe x2 (Chrono Boost)  
  41  3:49  Pylon  
  41  3:52  Assimilator  
  41  3:54  Probe x2 (Chrono Boost)  
  43  4:05  Pylon  
  43  4:12  Pylon  
  43  4:18  Stargate  
  43  4:22  Stargate  
  43  4:36  Probe x2 (Chrono Boost)  
  45  4:47  Zealot  
  45  4:48  Zealot  
  45  4:49  Protoss Air Weapons Level 1  
  49  5:05  Nexus  
  49  5:07  Assimilator  
  49  5:12  Assimilator  
  49  5:13  Pylon  
  49  5:15  Pylon  
  49  5:18  Pylon  
  49  5:24  Stalker  
  49  5:26  Void Ray  
  49  5:27  Stalker  
  49  5:28  Probe x2 (Chrono Boost)  
  59  5:46  Void Ray  
  65  5:50  Probe x2 (Chrono Boost)  
  65  5:56  Assimilator  
  65  6:13  Zealot  
  65  6:17  Zealot  
  69  6:19  Probe (Chrono Boost)  
  69  6:20  Probe x2 (Chrono Boost)  
  72  6:30  Probe (Chrono Boost)  
  73  6:32  Probe (Chrono Boost)  
  73  6:33  Probe (Chrono Boost)  
  73  6:37  Zealot  
  67  6:44  Zealot, Protoss Air Armor Level 1  
  67  7:00  Stalker  
  67  7:03  Void Ray  
  67  7:05  Probe (Chrono Boost)  
  67  7:06  Probe x2 (Chrono Boost), Void Ray  
  80  7:11  Stalker  
  83  7:15  Probe (Chrono Boost)  
  83  7:18  Probe x2 (Chrono Boost)  
  85  7:26  Stalker  
  87  7:41  Stalker  
  87  7:43  Void Ray  
  89  7:46  Void Ray  
  97  7:51  Nexus  
  97  7:59  Stalker  
  99  8:11  Stalker  
  101  8:15  Assimilator  
  101  8:18  Assimilator  
  101  8:20  Pylon  
  101  8:23  Phoenix  
  101  8:24  Pylon  
  101  8:25  Stalker  
  103  8:29  Phoenix  
  107  8:41  Stalker  
  109  8:42  Void Ray  
  113  8:52  Sentry  
  113  8:54  Void Ray  
  119  9:11  Sentry  
  119  9:13  Probe (Chrono Boost)  
  119  9:14  Probe (Chrono Boost)  
  119  9:15  Probe x2 (Chrono Boost)  
  125  9:19  Void Ray  
  125  9:21  Stalker  
  131  9:35  Pylon  
  131  9:37  Pylon, Void Ray, Stalker  
  137  9:40  Pylon  
  137  9:47  Stalker  
  123  10:08  Void Ray  
  123  10:13  Stalker  
  119  10:17  Stalker  
  119  10:19  Void Ray  
  131  10:31  Fleet Beacon  
  129  10:39  Nexus, Stalker  
  129  10:42  Assimilator  
  129  10:45  Assimilator, Void Ray  
  129  10:46  Stalker  
  129  10:49  Pylon  
  133  10:52  Pylon  
  133  11:04  Void Ray  
  133  11:05  Stalker  
  138  11:16  Stalker  
  138  11:23  Void Ray  
Show
View Real Time Build Order
Export as new Build Order

A.I. 1 (Hard) Zerg 

Build Orders: Pool First 

Get SALT Encoding   

  12  0:00  Drone  
  13  0:12  Overlord  
  13  0:17  Drone  
  14  0:30  Drone  
  14  0:32  Drone  
  16  0:44  Spawning Pool  
  16  0:46  Drone  
  16  0:50  Drone  
  16  0:54  Extractor  
  16  0:55  Drone  
  17  1:06  Overlord  
  17  1:31  Zergling x2, Queen  
  20  1:38  Roach Warren, Drone  
  20  1:42  Zergling x2  
  20  1:43  Extractor  
  20  1:49  Drone  
  21  2:00  Drone  
  22  2:10  Overlord  
  22  2:21  Drone  
  23  2:32  Roach  
  25  2:38  Drone  
  25  2:40  Overlord  
  25  2:43  Roach  
  28  2:53  Roach  
  30  3:04  Roach  
  32  3:11  Overlord  
  32  3:15  Roach  
  33  3:25  Roach  
  35  3:36  Roach  
  37  3:45  Overlord  
  37  3:47  Zergling x2  
  38  3:49  Drone  
  38  3:53  Drone  
  40  3:56  Drone  
  40  3:58  Roach  
  43  4:06  Drone  
  44  4:13  Roach, Drone  
  44  4:14  Baneling Nest  
  44  4:15  Drone  
  47  4:19  Drone  
  48  4:25  Evolution Chamber  
  48  4:28  Drone  
  48  4:39  Roach  
  50  4:50  Roach  
  52  5:01  Roach  
  54  6:25  Lair, Zerg Melee Weapons Level 1, Overlord  
  54  6:28  Evolution Chamber  
  54  6:30  Spore Crawler, Zergling x2, Drone  
  54  6:32  Spore Crawler  
  49  6:33  Drone  
  49  6:34  Hatchery  
  49  6:35  Drone  
  32  6:47  Roach  
  30  6:54  Zerg Missile Weapons Level 1  
  30  6:57  Roach  
  32  7:07  Roach  
  34  7:10  Spine Crawler  
  33  7:15  Spine Crawler  
  33  7:17  Roach, Drone  
  35  7:22  Queen  
  35  7:23  Overseer x2  
  35  7:26  Infestation Pit  
  35  7:27  Ravager x2, Drone, Hydralisk Den  
  38  7:31  Ravager  
  38  7:32  Roach  
  41  7:42  Roach  
  43  7:46  Drone, Burrow  
  43  7:51  Drone  
  45  7:52  Roach, Drone  
  45  7:53  Drone  
  45  7:55  Drone  
  45  7:56  Drone  
  45  7:58  Drone  
  52  8:00  Drone  
  52  8:02  Hydralisk  
  52  8:04  Drone  
  56  8:07  Drone  
  57  8:14  Drone  
  57  8:18  Drone  
  59  8:20  Zerg Ground Armor Level 1  
  59  8:25  Drone  
  60  8:27  Hydralisk, Drone  
  60  8:29  Drone  
  60  8:33  Overlord  
  64  8:36  Drone  
  64  8:39  Hydralisk  
  64  8:40  Spore Crawler  
  66  8:44  Spore Crawler  
  66  8:47  Drone  
  66  8:50  Hydralisk  
  66  8:51  Queen  
  70  9:02  Spire  
  69  9:03  Drone  
  69  9:07  Spine Crawler  
  69  9:08  Drone  
  70  9:13  Spine Crawler  
  70  9:14  Drone  
  70  9:40  Hydralisk  
  70  9:42  Extractor  
  69  9:46  Extractor, Drone  
  69  9:56  Hydralisk  
  69  9:59  Queen  
  54  10:00  Zergling x2  
  54  10:03  Drone  
  54  10:04  Spine Crawler, Roach  
  51  10:07  Hydralisk, Overseer, Drone  
  51  10:08  Drone  
  51  10:11  Roach  
  51  10:13  Drone  
  40  10:15  Zergling x2, Drone  
  40  10:18  Hydralisk  
  37  10:29  Roach  
  36  10:39  Roach  
  32  10:53  Hydralisk  
  32  10:56  Drone  
  33  10:57  Overlord  
  31  11:04  Drone  
  31  11:09  Drone x3  
  26  11:11  Drone  
  21  11:22  Overlord  
Tags
 
League
Silver
Matchup
PvZ
Replay Pack
3.21
Spawn Locations
Close Positions
Add a new tag
Caveats
  • Supply blocks, unpowered buildings, or Contaminate may cause inaccurate times.
  • Supply counts are checked every 10 seconds.